 Dungeon Crawl Stone Soup version bcrawl-1.19.1 (webtiles) character file.

Game seed: 15938845610920491271

48 Freyura the Cudgeler (level 3, -2/24 HPs)
             Began as a Gargoyle Monk on Nov 26, 2019.
             Slain by a quokka (3 damage)
             ... on level 2 of the Dungeon.
             The game lasted 00:03:54 (1363 turns).

Freyura the Cudgeler (Gargoyle Monk)                Turns: 1363, Time: 00:03:55

Health: -2/24      AC: 11    Str: 14    XL:     3   Next: 72%
Magic:  0/4        EV: 11    Int: 10    God:
Gold:   53         SH:  0    Dex: 13    Spells: 2/2 levels left

rFire    . . .     SeeInvis .   a - +0 mace
rCold    . . .     Gourm    .   (no shield)
rNeg     + . .     Faith    .   k - +0 ring mail
rPois    ∞         Spirit   +   n - +0 helmet
rElec    +         Reflect  .   (no cloak)
rCorr    .         Harm     .   (no gloves)
MR       .....                  h - +1 pair of boots
Stlth    +.........             d - amulet of guardian spirit
HPRegen  0.08/turn              (no ring)
MPRegen  0.09/turn              (no ring)

@: no status effects
A: negative energy resistance 1, electricity resistance, unbreathing,
petrification resistance, rot immunity, AC +3
a: no special abilities


You were on level 2 of the Dungeon.
You were hungry.

You visited 1 branch of the dungeon, and saw 2 of its levels.

You collected 53 gold pieces.

Inventory:

Hand Weapons
 a - a +0 mace (weapon)
Armour
 b - a +0 robe
 c - a +0 hat
 h - a +1 pair of boots (worn)
 j - a +0 leather armour
 k - a +0 ring mail (worn)
 n - a +0 helmet (worn)
Jewellery
 d - an amulet of guardian spirit (around neck)
Scrolls
 g - a scroll of remove curse {unknown}
 i - 2 scrolls of fog {unknown}
 m - a scroll of identify {unknown}
Potions
 e - 2 potions of lignification {unknown}
 l - a potion of degeneration {unknown}
 p - 2 potions of flight {unknown}
 q - a potion of curing {unknown}
Comestibles
 f - 5 rations {!d}


   Skills:
 + Level 3.7 Fighting
 * Level 3.7 Maces & Flails
 + Level 1.3 Armour
 + Level 2.7 Dodging
 - Level 2.4 Stealth
   Level 2.1 Invocations


You had 2 spell levels left.
You didn't know any spells.
Your spell library was empty.

Dungeon Overview and Level Annotations

Branches:
Dungeon (2/12)

Altars:
Elyvilon
Sif Muna


Innate Abilities, Weirdness & Mutations

You are resistant to torment.
Your stone body is resilient. (AC +3)
You are immune to poison.
You resist negative energy. (rN+)
You are resistant to electric shocks. (rElec)
You can survive without breathing.
You are immune to petrification.
You are immune to rotting.


Message History

The quokka is lightly wounded.
The quokka barely misses you.
You barely miss the quokka.
The quokka is lightly wounded.
The quokka bites you.
* * * LOW HITPOINT WARNING * * *
The quokka closely misses you.
You closely miss the quokka.
The quokka is lightly wounded.
The quokka bites you.
* * * LOW HITPOINT WARNING * * *
You hit the quokka but do no damage.
The quokka is lightly wounded.
The quokka bites you but does no damage.
All of the chunks of flesh in your inventory have rotted away.
You closely miss the quokka.
The quokka is lightly wounded.
The quokka bites you but does no damage. x2
You hit the quokka but do no damage. The quokka bites you.
You die...

#.##...........######
#.####.......###
#.#####...####
#.......#.# ##
#########.# #### ...
# ##.## #.. ....
#...# #.# ##._...
#...####.##....... #
#...##...@r.....8. #
####...##.#.##.......
# #............#
..._... ..
.............#
....... .#
#..........†##
..##... ##
#####...##.......# ..
#...########.# #
#...# .# #..<#


You could see a quokka.

Vanquished Creatures
  4 dart slugs
  A worm (D:2)
  A leopard gecko (D:1)
  A giant cockroach (D:2)
  4 goblins
  4 hobgoblins
  3 jackals (D:1)
  6 bats
  2 frilled lizards
  5 kobolds
  5 rats (D:1)
36 creatures vanquished.

Notes
Turn   | Place    | Note
-------+----------+-------------------------------------------
     0 | D:1      | Freyura the Gargoyle Monk began the quest for the Orb.
     0 | D:1      | Reached XP level 1. HP: 14/14 MP: 2/2
   331 | D:1      | Reached XP level 2. HP: 19/19 MP: 3/3
   754 | D:1      | Reached skill level 1 in Armour
   754 | D:1      | Reached XP level 3. HP: 23/23 MP: 4/4
  1324 | D:2      | Found a shimmering blue altar of Sif Muna.
  1326 | D:2      | Found a white marble altar of Elyvilon.
  1360 | D:2      | HP: 1/24 [quokka (1)]
  1363 | D:2      | Slain by a quokka

Skill      XL: |  1  2 |
---------------+-------+-----
Armour         | 1 |  1.3
Fighting       | |  3.7
Maces & Flails | |  3.7
Dodging        | |  2.7
Stealth        | |  2.4
Invocations    | |  2.1

Action                   || total
-------------------------++-------
Melee: Mace              ||   132
 Stab: Sleeping          ||     3
  Eat: Chunk             ||     1
Armor: Robe              ||    19
       Leather armour    ||    19
       Ring mail         ||    31
Dodge: Dodged            ||   105
